Map: Acropolis LE

Players

Lambo - Winner!

  • Race: Zerg Zerg
  • Spawn Location: 11:00

Rob

  • Race: Protoss Protoss
  • Spawn Location: 5:00

VOD

Have the link to the VOD?

Description

Time

  • Played on: Sept. 6, 2019, 1:09 p.m.
  • Length: 9:13
Show
View Real Time Build Order
Export as new Build Order

Lambo Zerg - Winner!

Build Orders: Hatch First 

Get SALT Encoding   

  12  0:00  Drone  
  13  0:12  Overlord  
  13  0:18  Drone  
  14  0:30  Drone x2  
  16  0:48  Hatchery  
  15  0:52  Drone  
  15  0:55  Drone  
  17  0:58  Drone  
  18  1:09  Extractor  
  17  1:12  Spawning Pool  
  17  1:16  Drone  
  17  1:19  Drone  
  18  1:28  Drone  
  19  1:39  Drone  
  20  1:51  Overlord  
  20  1:59  Queen  
  20  2:00  Queen  
  20  2:01  Zergling x4  
  26  2:11  Drone x2  
  28  2:21  Drone x2  
  30  2:33  Hatchery  
  30  2:35  Drone, Pneumatized Carapace  
  30  2:43  Drone x2  
  32  2:44  Overlord  
  32  2:50  Queen  
  36  2:58  Drone x2  
  36  3:06  Overlord  
  36  3:07  Drone x3  
  39  3:13  Metabolic Boost  
  39  3:16  Drone x2  
  39  3:18  Drone  
  42  3:26  Queen  
  44  3:27  Drone  
  44  3:28  Drone  
  45  3:35  Roach Warren  
  45  3:38  Drone  
  45  3:41  Drone x3  
  48  3:45  Extractor  
  48  3:47  Overlord  
  47  3:50  Zergling x2  
  47  3:54  Zergling x2  
  49  3:58  Zergling x2  
  49  4:02  Drone  
  51  4:04  Overlord, Extractor  
  51  4:05  Drone x2  
  52  4:13  Drone  
  52  4:14  Overlord  
  53  4:18  Roach x5  
  53  4:21  Roach  
  65  4:29  Roach x2  
  69  4:33  Roach x2  
  69  4:38  Overlord  
  73  4:39  Zergling x6, Roach  
  73  4:42  Overlord  
  73  4:45  Roach  
  80  4:49  Overlord  
  80  4:51  Overlord  
  80  4:54  Overlord  
  80  4:56  Overlord  
  80  5:02  Roach x2  
  80  5:06  Roach x2  
  88  5:14  Drone  
  88  5:15  Lair  
  88  5:20  Drone x2  
  91  5:22  Roach x2  
  95  5:29  Drone x2  
  95  5:34  Drone x3  
  100  5:36  Evolution Chamber  
  100  5:41  Roach x2  
  103  5:43  Drone x2  
  103  5:44  Drone x2  
  105  5:51  Drone x2  
  105  5:55  Drone  
  105  5:56  Drone x5  
  113  5:58  Extractor  
  113  5:59  Extractor  
  113  6:00  Drone  
  112  6:06  Roach x3  
  112  6:08  Roach x2  
  121  6:14  Overlord  
  121  6:15  Overlord  
  121  6:16  Overlord  
  121  6:18  Overlord  
  121  6:20  Zerg Missile Weapons Level 1  
  121  6:24  Overlord  
  118  6:27  Ravager, Roach  
  118  6:31  Overlord  
  121  6:34  Overlord  
  121  6:35  Overlord  
  121  6:36  Glial Reconstitution  
  121  6:37  Drone x2  
  121  6:39  Roach  
  125  6:40  Drone  
  125  6:42  Baneling Nest  
  125  6:44  Roach  
  125  6:46  Drone x2  
  129  6:50  Overseer  
  129  7:00  Drone x2  
  130  7:03  Roach x3  
  130  7:05  Ravager x5  
  141  7:11  Hatchery  
  140  7:16  Drone x3  
  140  7:17  Drone  
  140  7:18  Extractor  
  143  7:25  Drone  
  143  7:27  Centrifical Hooks  
  143  7:29  Roach x8  
  160  7:34  Overlord, Overseer  
  160  7:43  Zergling x4  
  160  7:44  Zergling x12  
  168  7:48  Queen  
  168  7:50  Zergling x12  
  176  7:53  Overlord  
  176  7:59  Roach  
  176  8:00  Ravager x2  
  176  8:01  Ravager  
  176  8:02  Roach  
  176  8:05  Roach  
  185  8:08  Ravager  
  186  8:18  Baneling x18  
  186  8:19  Zergling x20  
  196  8:22  Zergling x4  
  196  8:24  Baneling x4  
  198  8:32  Zergling x6  
  198  8:33  Zergling x4  
  197  8:36  Zergling x2  
  197  8:40  Baneling x10  
  197  8:41  Zergling x2  
  197  8:44  Zergling x4  
  197  8:56  Zergling x8  
Show
View Real Time Build Order
Export as new Build Order

Rob Protoss 

Build Orders: 1 Gate Expand, Mass Adepts 

Get SALT Encoding   

  12  0:00  Probe  
  13  0:12  Probe  
  14  0:19  Pylon  
  14  0:25  Probe  
  15  0:33  Probe  
  15  0:41  Probe  
  16  0:43  Gateway  
  16  0:47  Assimilator  
  17  0:51  Probe  
  18  1:03  Probe  
  19  1:15  Probe  
  20  1:26  Nexus  
  20  1:32  Cybernetics Core  
  20  1:33  Probe  
  21  1:41  Probe  
  21  1:45  Assimilator  
  22  1:50  Pylon  
  22  1:51  Probe  
  23  2:00  Adept  
  23  2:08  Probe  
  23  2:12  Warp Gate  
  26  2:21  Probe  
  27  2:25  Twilight Council, Adept  
  27  2:33  Probe  
  30  2:38  Probe  
  30  2:45  Probe  
  30  2:50  Stalker  
  31  2:55  Resonating Glaives  
  31  2:57  Probe  
  34  2:59  Probe  
  35  3:09  Probe  
  35  3:11  Probe  
  37  3:18  Robotics Facility  
  37  3:21  Probe  
  37  3:23  Probe  
  39  3:30  Gateway  
  39  3:34  Gateway  
  39  3:35  Probe  
  39  3:39  Probe  
  41  3:47  Gateway, Probe  
  41  3:48  Gateway  
  42  3:52  Pylon  
  42  3:53  Probe  
  43  4:00  Warp Prism, Adept  
  46  4:04  Pylon  
  45  4:16  Pylon  
  47  4:17  Probe  
  47  4:19  Probe  
  49  4:24  Pylon  
  49  4:26  Adept  
  49  4:31  Adept  
  53  4:32  Adept  
  55  4:44  Pylon x2  
  54  4:52  Adept x4  
  62  4:54  Adept  
  64  5:04  Immortal  
  62  5:07  Probe x2  
  64  5:19  Probe x2  
  70  5:26  Robotics Facility  
  70  5:27  Assimilator  
  70  5:29  Assimilator  
  70  5:31  Probe x2  
  70  5:34  Sentry, Stalker  
  76  5:42  Pylon  
  76  5:43  Probe x2  
  76  5:44  Forge  
  76  5:49  Immortal  
  78  5:56  Sentry  
  85  6:09  Sentry  
  85  6:10  Sentry  
  88  6:14  Immortal  
  88  6:18  Nexus  
  88  6:21  Pylon  
  88  6:22  Protoss Ground Weapons Level 1  
  92  6:28  Sentry  
  92  6:32  Pylon  
  94  6:39  Probe x2  
  100  6:47  Immortal  
  100  6:48  Immortal  
  100  6:51  Probe x2  
  104  7:03  Probe x2  
  104  7:07  Pylon  
  106  7:08  Pylon  
  106  7:15  Probe, Sentry  
  106  7:19  Pylon  
  106  7:20  Pylon  
  106  7:22  Gateway  
  109  7:26  Gateway  
  109  7:31  Gateway, Probe x2  
  109  7:34  Observer  
  109  7:36  Gateway  
  111  7:43  Sentry x3  
  118  7:56  Stalker x2  
  122  8:00  Pylon, Probe x2  
  122  8:01  Pylon x2, Probe  
  123  8:23  Stalker x6  
  123  8:24  Stalker  
  135  8:38  Stalker x2  
  139  8:46  Stalker x4  
Tags
 
Add a new tag
Caveats
  • Supply blocks, unpowered buildings, or Contaminate may cause inaccurate times.
  • Supply counts are checked every 10 seconds.